 Seeded DCSS version 0.27-a0-40-g5f2be0e231 (webtiles) character file.

Game seed: 3165166927895876312 (custom seed)

47 saturdyl the Digger (level 3, -2/19 HPs)
             Began as a Gargoyle Earth Elementalist on Jan 5, 2021.
             Slain by a worker ant (4 damage)
             ... on level 2 of the Dungeon.
             The game lasted 00:08:43 (1150 turns).

saturdyl the Digger (Gargoyle Earth Elementalist)   Turns: 1150, Time: 00:08:44

Health: -2/19      AC:  7    Str: 11    XL:     3   Next: 70%
Magic:  2/6        EV: 12    Int: 16    God:
Gold:   64         SH:  0    Dex: 10    Spells: 6/7 levels left

rFire    . . .     SeeInvis .   (no weapon)
rCold    . . .     Faith    .   (no shield)
rNeg     + . .     Spirit   .   c - +0 robe
rPois    ∞         Reflect  .   (no helmet)
rElec    +         Harm     .   g - +0 cloak
rCorr    .         Rampage  .   f - +0 pair of gloves
Will     .....                  (no boots)
Stlth    ++........             (no amulet)
HPRegen  0.06/turn              (no ring)
MPRegen  0.10/turn              (no ring)

@: no status effects
A: negative energy resistance 1, electricity resistance, unbreathing,
petrification resistance, miasma immunity, AC +3
a: no special abilities


You were on level 2 of the Dungeon.
You visited 1 branch of the dungeon, and saw 2 of its levels.

You collected 64 gold pieces.

Inventory:

Missiles
 b - 51 stones
Armour
 c - a +0 robe (worn)
 f - a +0 pair of gloves (worn)
 g - a +0 cloak (worn)
 j - a +0 leather armour
 k - a +0 ring mail
Scrolls
 a - 2 scrolls of identify {unknown}
 d - 2 scrolls of teleportation {unknown}
 i - a scroll of noise {unknown}
Potions
 e - a potion of haste {unknown}
 h - a potion of lignification {unknown}


   Skills:
 + Level 1.9 Dodging
 + Level 2.2 Stealth
 + Level 0.3 Unarmed Combat
 + Level 2.6 Spellcasting
 + Level 0.7 Transmutations
 + Level 4.5 Earth Magic


You had 6 spell levels left.
You knew the following spells:

 Your Spells              Type           Power        Failure   Level
a - Sandblast             Erth           32%          3%          1

Your spell library contained the following spells:

 Spells                   Type           Power        Failure   Level
 Passwall                 Tmut/Erth      8%           10%         2
 Stone Arrow              Conj/Erth      18%          22%         3
 Petrify                  Tmut/Erth      10%          54%         4
 Lee's Rapid Deconstruct  Erth           8%           63%         5


Dungeon Overview and Level Annotations

Branches:
Dungeon (2/15)

Altars:


Innate Abilities, Weirdness & Mutations

You are resistant to torment.
Your stone body is resilient. (AC +3)
You are immune to poison.
You resist negative energy. (rN+)
You are resistant to electric shocks. (rElec)
You can survive without breathing.
You are immune to petrification.
You are immune to miasma.


Message History

You completely miss the worker ant.
The worker ant is lightly wounded.
The worker ant bites you.
You barely miss the worker ant.
The worker ant is lightly wounded.
The worker ant bites you but does no damage.
The worker ant bites you.
* * * LOW HITPOINT WARNING * * *
You barely miss the worker ant.
The worker ant is lightly wounded.
The worker ant bites you but does no damage.
You hit the worker ant but do no damage.
The worker ant is lightly wounded.
The worker ant bites you.
* * * LOW HITPOINT WARNING * * *
The worker ant completely misses you. The worker ant barely misses you.
The worker ant bites you but does no damage.
The worker ant barely misses you. The worker ant bites you.
You die...

#.# #)# #.# #.#
#.########.#####
#...<..†.......#
#.#######...##.# ########.#
#.#.#.#.##### #.##.....#
#.#.......)..
#.##.#.#.######.###.#.#####
#.........@B.......##.#####
####.#.#.######.#####.#....
#......# #.# #.#.###
###.##.# #.#####.#># #.##.#
#...).#.#.## #.##.#
#.###.#....## #.##.# #.#
#.#.....# #.##.# #.#
#hB...... .....# ...
###..#..#


You could see a worker ant.

Vanquished Creatures
  2 adders (D:2)
  An ooze (D:1)
  A worm (D:2)
  A dart slug (D:1)
  2 bats
  A giant cockroach (D:2)
  4 goblins
  A hobgoblin (D:1)
  A jackal (D:2)
  3 kobolds (D:1)
  A frilled lizard (D:1)
  4 rats
22 creatures vanquished.

Notes
Turn   | Place    | Note
-------+----------+-------------------------------------------
     0 | D:1      | saturdyl the Gargoyle Earth Elementalist began the quest
                  | for the Orb.
     0 | D:1      | Reached XP level 1. HP: 10/10 MP: 3/3
   125 | D:1      | Reached skill level 4 in Earth Magic
   328 | D:1      | Reached XP level 2. HP: 15/15 MP: 1/5
   931 | D:2      | Reached XP level 3. HP: 15/19 MP: 4/6
  1150 | D:2      | Slain by a worker ant

Illustrated notes

Levels and vault maps discovered:
D:1:      saegor_arrival_simple_b, layout_loops_corners
D:2:      minmay_diamond_boxcup, layout_loops_ring, minmay_pentomino_q4

Skill      XL: |  1 |
---------------+----+-----
Earth Magic    | 4 |  4.5
Dodging        | |  1.9
Stealth        | |  2.2
Unarmed Combat | |  0.3
Spellcasting   | |  2.6
Transmutations | |  0.7

Action                   || total
-------------------------++-------
Melee: Unarmed           ||    36
Throw: Stone             ||     2
 Cast: Sandblast         ||    33
Armor: Robe              ||    24
Dodge: Dodged            ||    38

Table legend: (Time is in decaauts)
 A = Elapsed time spent in this place.
 B = Non-inter-level travel time spent in this place.
 C = Inter-level travel time spent in this place.
 D = Time resting spent in this place.
 E = Time spent auto-exploring this place.
 F = Levels seen in this place.
 G = Mean time per level.
                   A        B        C        D        E       F      G
               +--------+--------+--------+--------+--------+-----+--------+
         Total |   1149 |    928 |    221 |      0 |    711 |   2 |  574.5 |
       Dungeon |   1149 |    928 |    221 |      0 |    711 |   2 |  574.5 |
               +--------+--------+--------+--------+--------+-----+--------+

Top non-repeatable levels by time:
     D:1: 922 daAuts
     D:2: 227 daAuts
